 Dungeon Crawl Stone Soup version 0.28.0-47-ge53b351184 (webtiles) character file.

Game seed: 14482799481533194086

47 GigaChad the Skirmisher (level 3, 0/33 HPs)
             Began as a Minotaur Fighter on May 10, 2022.
             Was an Initiate of Gozag.
             Slain by a gnoll
             ... wielding a +0 spear
              (3 damage)
             ... on level 2 of the Dungeon.
             The game lasted 00:02:21 (1039 turns).

GigaChad the Skirmisher (Minotaur Fighter)          Turns: 1039, Time: 00:02:22

Health: 0/33       AC:  7    Str: 20    XL:     3   Next: 48%
Magic:  2/2        EV:  8    Int:  5    God:    Gozag
Gold:   146        SH:  8    Dex: 11    Spells: 2/2 levels left

rFire   . . .      SeeInvis .   a - +1 long sword
rCold   . . .      Faith    .   f - +0 kite shield
rNeg    . . .      Spirit   .   b - +0 scale mail
rPois   .          Reflect  .   (helmet restricted)
rElec   .          Harm     .   (no cloak)
rCorr   .          Rampage  .   (no gloves)
Will    .....                   (no boots)
Stlth   ..........              (no amulet)
HPRegen 0.11/turn               (no ring)
MPRegen 0.08/turn               (no ring)

@: gold aura
A: horns 2, retaliatory headbutt
a: Renounce Religion, Potion Petition, Call Merchant, Bribe Branch


You were on level 2 of the Dungeon.
You worshipped Gozag.
Gozag was aware of your devotion.
You visited 1 branch of the dungeon, and saw 2 of its levels.

You collected 146 gold pieces.

Inventory:

Hand Weapons
 a - a +1 long sword (weapon)
Armour
 b - a +0 scale mail (worn)
 c - a +0 buckler
 f - a +0 kite shield (worn)
Potions
 d - a potion of might
 e - a potion of berserk rage {unknown}
 g - a potion of haste {unknown}
 h - a potion of brilliance {unknown}
 i - a potion of invisibility {unknown}


   Skills:
 + Level 4.3 Fighting
 + Level 2.9 Long Blades
 + Level 4.1 Armour
 + Level 0.6 Dodging
 + Level 0.1 Stealth
 + Level 4.1 Shields


You had 2 spell levels left.
You didn't know any spells.
Your spell library was empty.

Dungeon Overview and Level Annotations

Branches:
Dungeon (2/15)

Altars:
Gozag


Innate Abilities, Weirdness & Mutations

You have a pair of horns on your head.
You reflexively headbutt those who attack you in melee.


Message History

The gnoll barely misses you.
You barely miss the gnoll. You block the gnoll's attack.
The gnoll barely misses you. You furiously retaliate!
You headbutt the gnoll, but do no damage.
The gnoll barely misses you. x2; You block the gnoll's attack.
You closely miss the gnoll. Your headbutt misses the gnoll.
You block the gnoll's attack. x2; The gnoll closely misses you.
You block the gnoll's attack.
The gnoll hits you with a +0 spear. x2; You block the gnoll's attack.
The gnoll hits you with a +0 spear.
You slash the gnoll!
The gnoll is almost dead.
The gnoll hits you with a +0 spear. The gnoll barely misses you.
A frilled lizard comes into view.
The gnoll hits you but does no damage. The gnoll closely misses you.
The gnoll hits you with a +0 spear! The gnoll hits you with a +0 spear.
The frilled lizard hisses angrily.
You hit the gnoll.
You kill the gnoll!
The gnoll barely misses you. You block the gnoll's attack. x2
The gnoll hits you with a +1 flail of protection.
* * * LOW HITPOINT WARNING * * *
You block the gnoll's attack. The gnoll closely misses you.
Things that are here:
6 gold pieces; a +0 spear The gnoll closely misses you.
The gnoll is distracted by your dazzling golden aura.
The gnoll shouts!
The gnoll is no longer distracted by gold.
You block the gnoll's attack.
The gnoll hits you from afar with a +0 spear.
* * * LOW HITPOINT WARNING * * *
You hit the gnoll. You headbutt the gnoll!
You kill the gnoll!
You block the gnoll's attack.
The gnoll hits you from afar with a +0 spear.
* * * LOW HITPOINT WARNING * * *
The gnoll hits you from afar with a +0 spear.
You die...
Your body crumbles into a pile of gold.

##...........## ##..
####.##...###### #.#
#.##.......### ######.#
#..........# ###......#
.##............# ##...######
.#......#........####..###
....... #........##...##
....... ##......g#..###
.....#.###....@$$..####
......#...#....l.g#....#
.......##.......#.##.....#
#.# #......#.........#..##
#.# #..#...........#......#
#.####...#.###............#
##.##..............#.......#
##.##.###.##..####..........
.........># ..... ..#......


You could see 2 gnolls and a frilled lizard.

Vanquished Creatures
  An adder (D:2)
  2 gnolls (D:2)
  A dart slug (D:2)
  3 bats (D:1)
  3 endoplasms
  A giant cockroach (D:1)
  A hobgoblin (D:2)
  4 jackals (D:1)
  2 kobolds (D:1)
  A quokka (D:1)
  A ball python (D:1)
  A frilled lizard (D:2)
  2 goblins (D:1)
  3 rats
26 creatures vanquished.

Notes
Turn   | Place    | Note
-------+----------+-------------------------------------------
     0 | D:1      | GigaChad the Minotaur Fighter began the quest for the Orb.
     0 | D:1      | Reached XP level 1. HP: 19/19 MP: 0/0
   128 | D:1      | Found a faded altar of an unknown god.
   176 | D:1      | Reached XP level 2. HP: 21/27 MP: 1/1
   189 | D:1      | Prayed at the altar of an unknown god.
   189 | D:1      | Became a worshipper of Gozag Ym Sagoz the Greedy
   964 | D:2      | Reached XP level 3. HP: 29/33 MP: 2/2
  1039 | D:2      | Slain by a gnoll

Illustrated notes

Levels and vault maps discovered:
D:1:      psy_arrival_fountain, layout_rooms,
          ebering_ecumenical_altar_sacrificial, nrook_campfire
D:2:      layout_rooms, serial_shops, nicolae_shop_stone, minmay_misc_feat_tower

Skill      XL: |  1  2 |
---------------+-------+-----
Fighting       | 4 |  4.3
Shields        | 4 |  4.1
Armour         | 4 |  4.1
Long Blades    | |  2.9
Dodging        | |  0.6
Stealth        | |  0.1

Action                   || total
-------------------------++-------
Melee: Long sword        ||    47
       Headbutt          ||     3
  Use: Scroll            ||     4
 Stab: Distracted        ||     1
Armor: Scale mail        ||    40
Dodge: Dodged            ||    61
Block: Buckler           ||    19
       Kite shield       ||    17
